Map: Nightshade LE

Players

JimmyShmo

  • Race: Protoss Protoss
  • League: Diamond
  • Spawn Location: 11:00

Bundo - Winner!

  • Race: Terran Terran
  • League: Master
  • Spawn Location: 5:00

VOD

Have the link to the VOD?

Description

Time

  • Played on: April 24, 2020, 7:48 p.m.
  • Length: 16:40
Show
View Real Time Build Order
Export as new Build Order

JimmyShmo Protoss 

Build Orders:  

Get SALT Encoding   

  12  0:00  Probe  
  13  0:13  Probe  
  14  0:17  Pylon  
  14  0:25  Probe (Chrono Boost)  
  15  0:37  Probe (Chrono Boost)  
  15  0:38  Gateway  
  16  0:45  Probe (Chrono Boost)  
  16  0:47  Assimilator  
  17  0:51  Probe  
  18  0:59  Assimilator  
  18  1:03  Probe  
  19  1:15  Probe  
  20  1:24  Gateway  
  20  1:25  Cybernetics Core  
  20  1:35  Probe  
  21  1:47  Probe, Pylon  
  22  2:05  Stalker (Chrono Boost)  
  24  2:13  Stalker (Chrono Boost)  
  24  2:14  Probe  
  26  2:26  Probe  
  26  2:27  Pylon  
  27  2:32  Stalker  
  29  2:38  Probe  
  30  2:48  Stalker  
  30  2:50  Probe  
  33  3:02  Probe  
  34  3:14  Probe  
  35  3:26  Probe  
  36  3:33  Nexus  
  36  3:42  Twilight Council  
  36  3:43  Gateway  
  36  3:58  Probe  
  36  4:02  Pylon  
  37  4:04  Stalker  
  39  4:11  Pylon  
  39  4:12  Pylon  
  39  4:13  Blink (Chrono Boost)  
  39  4:20  Probe, Stalker  
  39  4:23  Robotics Facility  
  42  4:32  Probe  
  43  4:51  Probe x2  
  44  5:01  Pylon  
  44  5:03  Probe  
  44  5:06  Pylon  
  45  5:08  Probe  
  45  5:09  Warp Prism (Chrono Boost)  
  45  5:12  Stalker  
  50  5:15  Probe  
  50  5:18  Warp Gate (Chrono Boost)  
  50  5:20  Probe  
  52  5:24  Stalker x2  
  56  5:29  Probe  
  56  5:32  Probe  
  58  5:43  Observer  
  59  6:01  Stalker (Chrono Boost)  
  61  6:04  Nexus  
  61  6:07  Stalker (Chrono Boost)  
  65  6:11  Stalker (Chrono Boost), Charge (Chrono Boost)  
  65  6:14  Assimilator  
  65  6:15  Robotics Bay  
  65  6:16  Assimilator  
  65  6:20  Pylon  
  65  6:30  Probe x2  
  67  6:58  Stalker  
  67  6:59  Probe, Stalker x2  
  70  7:05  Pylon, Forge  
  70  7:06  Forge  
  70  7:08  Forge  
  70  7:09  Forge  
  70  7:11  Colossus  
  76  7:23  Probe (Chrono Boost)  
  76  7:27  Zealot x3  
  76  7:29  Probe (Chrono Boost)  
  85  7:35  Probe x2 (Chrono Boost)  
  85  7:36  Extended Thermal Lance, Protoss Ground Weapons Level 1 (Chrono Boost)  
  86  7:46  Probe  
  86  7:49  Protoss Ground Armor Level 1 (Chrono Boost)  
  87  7:54  Probe x2  
  89  8:01  Zealot x2  
  93  8:09  Colossus (Chrono Boost)  
  99  8:23  Zealot  
  97  8:33  Gateway  
  97  8:35  Gateway  
  97  8:39  Probe x3, Gateway  
  100  8:42  Pylon  
  100  8:44  Pylon  
  100  9:00  Zealot x3  
  106  9:09  Colossus  
  112  9:17  Pylon  
  112  9:26  Zealot x3  
  112  9:42  Zealot x3  
  104  9:48  Zealot x3  
  91  10:06  Probe x3  
  88  10:07  Zealot x3  
  88  10:11  Colossus (Chrono Boost)  
  88  10:13  Protoss Ground Weapons Level 2 (Chrono Boost)  
  88  10:14  Protoss Ground Armor Level 2 (Chrono Boost)  
  94  10:18  Probe x3  
  94  10:20  Assimilator  
  103  10:22  Assimilator  
  103  10:28  Templar Archives  
  103  10:30  Probe x2  
  105  10:44  Probe  
  105  10:45  Probe  
  105  10:46  Probe  
  108  10:51  Zealot x5  
  108  10:52  Zealot  
  120  11:00  Warp Prism (Chrono Boost)  
  122  11:12  High Templar x2  
  122  11:13  High Templar x2  
  122  11:14  High Templar x2  
  122  11:16  Archon  
  122  11:17  Archon  
  122  11:18  Archon  
  134  11:51  High Templar x6  
  146  11:54  Nexus  
  146  11:56  Pylon  
  146  11:57  Gateway  
  146  11:58  Archon  
  146  11:59  Assimilator, Archon x2, Gateway  
  146  12:01  Assimilator  
  146  12:05  Gateway  
  146  12:23  Zealot x2  
  146  12:24  Zealot x3  
  120  12:42  Probe x2  
  91  12:44  Zealot x3  
  91  12:45  Zealot x3  
  87  12:54  Probe x2  
  87  12:55  Zealot x2  
  79  13:00  Colossus (Chrono Boost)  
  79  13:02  Psionic Storm  
  77  13:08  Protoss Ground Weapons Level 3 (Chrono Boost)  
  77  13:11  Protoss Ground Armor Level 3 (Chrono Boost)  
  75  13:14  Probe x2  
  77  13:24  High Templar  
  77  13:25  High Templar x3  
  85  13:37  Zealot x2  
  85  13:38  Zealot x3  
  85  13:40  Colossus (Chrono Boost)  
  101  14:00  Zealot x5  
  101  14:01  Zealot x3  
  109  14:04  Probe x2  
  109  14:05  Probe  
  112  14:15  High Templar  
  114  14:21  High Templar x5  
  114  14:22  High Templar  
  126  14:25  Archon x2  
  126  14:26  Archon  
  126  14:27  Zealot x2  
  126  14:31  Probe x4  
  133  14:37  Colossus (Chrono Boost)  
  140  14:49  Pylon x2  
  140  14:51  Archon x2  
  120  14:55  Zealot x4  
  120  14:56  Zealot x4  
  124  15:05  High Templar  
  114  15:21  Photon Cannon, High Templar x2  
  114  15:22  Photon Cannon  
  114  15:23  Colossus (Chrono Boost)  
  114  15:25  Zealot x4  
  114  15:26  Zealot  
  114  15:48  Probe  
  115  15:51  Zealot x5  
  115  15:52  Zealot x2  
  115  15:53  Probe x2  
  131  16:07  High Templar x2  
  135  16:12  Nexus  
  135  16:14  Archon  
  135  16:15  High Templar x2  
  135  16:16  High Templar x3  
  135  16:17  Zealot  
  147  16:20  Archon x2  
  147  16:22  Zealot  
Show
View Real Time Build Order
Export as new Build Order

Bundo Terran - Winner!

Build Orders: Reaper Expand 

Get SALT Encoding   

  12  0:00  SCV  
  13  0:12  SCV  
  14  0:17  Supply Depot  
  14  0:25  SCV  
  15  0:38  SCV  
  15  0:39  Barracks  
  16  0:43  Refinery  
  16  0:50  SCV  
  17  1:02  SCV  
  18  1:14  SCV  
  19  1:27  Reaper  
  19  1:28  Orbital Command  
  19  1:47  Command Center  
  19  1:55  SCV  
  19  1:59  Marine  
  21  2:05  Factory  
  21  2:10  SCV  
  22  2:16  Supply Depot  
  22  2:24  SCV  
  22  2:27  Barracks Reactor  
  23  2:32  Bunker  
  23  2:35  Refinery  
  23  2:39  SCV  
  24  2:51  SCV  
  26  2:58  Hellion  
  26  3:00  Starport  
  26  3:03  Orbital Command  
  26  3:10  SCV, Marine  
  27  3:19  Marine  
  28  3:21  Factory Tech Lab  
  28  3:23  SCV  
  29  3:29  SCV  
  30  3:35  SCV  
  30  3:38  Viking  
  33  3:43  SCV  
  33  3:45  Marine x2  
  36  3:58  Supply Depot  
  36  4:02  Siege Tank  
  39  4:08  Marine x2  
  41  4:12  SCV  
  42  4:17  Supply Depot  
  42  4:22  Starport Tech Lab  
  42  4:23  SCV  
  43  4:27  Marine  
  42  4:40  Siege Tank  
  42  4:41  SCV  
  42  4:44  Orbital Command  
  46  4:59  SCV  
  45  5:05  Marine x2  
  47  5:07  Raven  
  47  5:11  SCV  
  47  5:12  Barracks  
  50  5:15  SCV  
  51  5:23  SCV, Engineering Bay  
  51  5:28  SCV  
  53  5:32  Barracks  
  53  5:35  SCV  
  53  5:39  Barracks Tech Lab  
  53  5:40  SCV, Supply Depot  
  55  5:47  SCV  
  55  5:49  Terran Infantry Weapons Level 1  
  56  5:56  SCV  
  57  5:58  Refinery  
  57  5:59  Refinery  
  57  6:00  SCV  
  57  6:01  Stimpack  
  57  6:03  Supply Depot, Marauder  
  60  6:05  Starport Reactor  
  60  6:08  SCV  
  60  6:11  Marauder  
  63  6:12  SCV, Supply Depot  
  64  6:19  Marine x2  
  64  6:20  SCV, Combat Shield  
  64  6:24  SCV, Marine  
  64  6:25  Supply Depot  
  69  6:27  Command Center  
  69  6:32  SCV  
  70  6:39  Marine x2  
  70  6:40  Marauder  
  70  6:42  Marauder  
  75  6:48  SCV  
  76  6:57  Siege Tank  
  76  6:58  Marine x2  
  76  6:59  SCV  
  76  7:00  SCV  
  83  7:02  Marauder  
  85  7:09  Supply Depot x2  
  85  7:10  Supply Depot  
  85  7:13  Marauder  
  85  7:14  Barracks  
  85  7:15  SCV x2  
  89  7:17  Barracks  
  89  7:20  Marine x2  
  89  7:22  Medivac  
  93  7:30  SCV, Medivac  
  93  7:31  SCV, Missile Turret  
  97  7:39  Concussive Shells  
  97  7:44  Terran Infantry Armor Level 1  
  97  7:45  Marine x2  
  97  7:46  Marauder x2  
  103  7:52  Medivac  
  103  7:56  SCV x2  
  107  8:00  Medivac  
  109  8:05  Orbital Command  
  109  8:07  Barracks Reactor, Barracks Tech Lab  
  107  8:16  Missile Turret  
  107  8:19  SCV x2  
  105  8:23  Marine x2  
  105  8:24  Marauder x2  
  105  8:26  Medivac  
  113  8:32  SCV x3  
  116  8:36  Orbital Command  
  116  8:37  Missile Turret  
  116  8:41  Armory  
  116  8:49  Engineering Bay  
  116  8:50  Marine x4  
  116  8:55  SCV x2  
  122  9:01  Marauder x2  
  126  9:09  SCV x3  
  129  9:15  Supply Depot x2  
  129  9:16  Viking  
  131  9:21  Viking  
  133  9:28  Terran Infantry Weapons Level 2  
  133  9:36  SCV x2  
  135  9:39  Marine x2  
  135  9:40  Marine x2  
  135  9:41  Marauder x3  
  135  9:46  Medivac  
  135  9:51  Medivac  
  139  9:53  SCV x3  
  112  10:14  Marine x3  
  112  10:15  Marauder x2, Marine, Starport  
  112  10:16  Viking, Marauder  
  112  10:17  Command Center  
  112  10:21  Viking  
  126  10:22  Refinery  
  126  10:23  Refinery  
  126  10:25  Sensor Tower  
  126  10:26  Terran Infantry Armor Level 2  
  126  10:28  Supply Depot  
  126  10:37  Marauder, Marine x6  
  126  10:40  Terran Ship Weapons Level 1  
  134  10:51  Barracks  
  134  10:53  Barracks  
  134  10:54  Marine, Barracks  
  135  10:59  Ghost Academy  
  135  11:05  Starport Reactor  
  135  11:06  Viking x2  
  135  11:09  Marine x2  
  135  11:10  Marauder x2, Marine  
  146  11:13  Supply Depot  
  146  11:29  Enhanced Shockwaves, Fusion Core  
  146  11:34  SCV x3  
  149  11:41  Viking  
  149  11:42  Viking x2  
  149  11:43  Marine x3  
  149  11:44  Marine  
  149  11:46  Barracks Tech Lab  
  159  11:48  Missile Turret  
  159  11:59  Barracks Tech Lab x2  
  159  12:00  Viking  
  161  12:09  Marine x6  
  161  12:11  Viking  
  161  12:12  Planetary Fortress  
  169  12:16  Refinery  
  169  12:17  Refinery  
  169  12:23  Marine  
  169  12:24  Marauder x3  
  173  12:31  Supply Depot  
  173  12:32  Supply Depot  
  173  12:33  Supply Depot  
  173  12:37  Marine x5  
  151  12:38  Marauder  
  151  12:41  Marauder  
  124  12:45  Marauder, Marine x2  
  113  12:54  Marine  
  113  12:55  Marine  
  113  12:56  Marauder, Marine x2  
  113  12:59  Marauder  
  113  13:01  Terran Infantry Weapons Level 3, Terran Infantry Armor Level 3  
  113  13:03  Marauder, Marine x2  
  115  13:06  Marine  
  115  13:12  Marine  
  116  13:19  SCV x3  
  121  13:20  SCV  
  121  13:21  Ghost  
  121  13:22  Ghost x3, Marine  
  121  13:23  Marine x2  
  121  13:24  Marine x2  
  134  13:35  Terran Ship Weapons Level 2  
  134  13:44  Ghost, Marine x5  
  141  13:50  Ghost  
  141  13:53  Command Center  
  137  13:59  SCV x4  
  141  14:03  Marine  
  141  14:04  Ghost x3, Marine x3  
  151  14:17  Advanced Ballistics  
  151  14:19  Liberator  
  154  14:24  Marauder  
  154  14:25  Marauder x2, Marine x2  
  154  14:26  Marine x2  
  154  14:30  Liberator  
  167  14:33  Marine x2  
  167  14:34  Marauder  
  171  14:43  Marine x3  
  171  14:44  Marine  
  171  14:45  Marine  
  143  15:01  Liberator x3  
  143  15:02  Marine x5  
  143  15:03  Ghost, Marauder x3  
  161  15:10  Planetary Fortress  
  161  15:11  Refinery x2  
  161  15:17  Marauder  
  161  15:21  Marauder  
  165  15:25  Marauder x2  
  169  15:32  Marine  
  169  15:33  Marauder, Marine x3  
  169  15:34  Marauder, Liberator  
  176  15:39  Marauder  
  176  15:42  Marauder  
  178  15:46  Marauder  
  179  15:56  Marine x4  
  183  15:57  Marauder x2  
  183  15:58  Marauder  
  183  16:00  Marauder  
  183  16:04  Marauder  
  199  16:13  Barracks  
  199  16:14  Missile Turret  
  199  16:15  Barracks  
  199  16:17  Barracks x2  
Tags
 
Add a new tag
Caveats
  • Supply blocks, unpowered buildings, or Contaminate may cause inaccurate times.
  • Supply counts are checked every 10 seconds.